[ AOE2 MATCH · #506149219 ]
UnrankedDravidians vs Turks
Player's team · WIN
Rival team · LOSS
[ REPLAY ANALYSIS · EXTRACTED FROM THE RECORDED GAME ]
Feudal
11:37
Castle
20:53
Imperial
—
| APM avg | 44.5 |
| APM peak | 87 |
| eAPM avg | 20.9 |
| Villagers / military | 75 / 47 |
Focus
⚔️ 51.0% · 🌾 49.0%
Archer ×40 · Militia ×6 · Spearman ×1
Feudal
8:57
Castle
20:59
Imperial
—
| APM avg | 52.1 |
| APM peak | 86 |
| eAPM avg | 26.5 |
| Villagers / military | 63 / 18 |
Focus
⚔️ 40.1% · 🌾 59.9%
Scout Cavalry ×10 · Archer ×8
Match map
Initial resources + every placement click. Lines = walls · curves = elevation contours. ◆ gold · ⬟ stone · ● berries · ✦ relic · ◌ wall gap
Your base· ✓ Closed at 20:53 · 34t walls · 1 gate(s)
EXILE | Jürgen's base· ✓ Closed at 20:59 · 64t walls · no gate
Smoothed initial terrain · ◌ = detected wall gap · hover for details
Inputs per minute
— thunder bun - - EXILE | Jürgen
Build order — thunder bun
First 150 of 212 actions detected
| 0:00 | Create | Villager (Male) |
| 0:01 | Create | Villager (Male) |
| 0:02 | Create | Villager (Male) |
| 0:02 | Create | Villager (Male) |
| 0:02 | Create | Villager (Male) |
| 0:02 | Create | Villager (Male) |
| 0:02 | Create | Villager (Male) |
| 0:03 | Build | House |
| 0:04 | Build | House |
| 1:26 | Create | Villager (Male) |
| 1:26 | Create | Villager (Male) |
| 2:01 | Create | Villager (Male) |
| 2:01 | Create | Villager (Male) |
| 2:01 | Create | Villager (Male) |
| 2:12 | Create | Villager (Male) |
| 2:12 | Create | Villager (Male) |
| 2:12 | Create | Villager (Male) |
| 2:21 | Build | Lumber Camp |
| 2:42 | Create | Villager (Male) |
| 2:43 | Create | Villager (Male) |
| 3:12 | Create | Villager (Male) |
| 3:13 | Create | Villager (Male) |
| 3:13 | Create | Villager (Male) |
| 3:43 | Build | House |
| 3:44 | Build | House |
| 4:13 | Create | Villager (Male) |
| 4:13 | Create | Villager (Male) |
| 4:34 | Create | Villager (Male) |
| 4:55 | Create | Villager (Male) |
| 4:56 | Create | Villager (Male) |
| 5:23 | Create | Villager (Male) |
| 5:28 | Build | Barracks |
| 5:37 | Build | Palisade Wall |
| 5:40 | Research | Loom |
| 5:41 | Create | Villager (Male) |
| 5:41 | Create | Villager (Male) |
| 6:01 | Build | Palisade Wall |
| 6:18 | Create | Militia |
| 6:18 | Create | Militia |
| 6:18 | Create | Militia |
| 6:19 | Create | Militia |
| 6:20 | Create | Villager (Male) |
| 6:20 | Create | Villager (Male) |
| 7:05 | Build | Mill |
| 7:12 | Build | Palisade Wall |
| 7:13 | Build | Palisade Wall |
| 7:25 | Create | Villager (Male) |
| 7:26 | Create | Villager (Male) |
| 7:29 | Build | Palisade Wall |
| 7:29 | Build | Palisade Wall |
| 7:38 | Build | House |
| 7:39 | Build | Palisade Wall |
| 7:41 | Build | Palisade Wall |
| 7:54 | Create | Villager (Male) |
| 8:22 | Create | Villager (Male) |
| 8:52 | Create | Villager (Male) |
| 9:18 | Research | Feudal Age |
| 9:18 | Research | Feudal Age |
| 9:24 | Build | Palisade Gate |
| 9:39 | Build | Lumber Camp |
| 10:30 | Build | Mining Camp |
| 11:18 | Create | Militia |
| 11:36 | Create | Villager (Male) |
| 11:37 | Age | Feudal Age |
| 11:39 | Research | Double-Bit Axe |
| 11:41 | Research | Man-at-Arms (upgrade) |
| 11:47 | Build | House |
| 11:48 | Build | House |
| 11:50 | Create | Villager (Male) |
| 11:55 | Build | House |
| 11:59 | Research | Horse Collar |
| 11:59 | Research | Horse Collar |
| 12:01 | Build | Farm |
| 12:02 | Build | Farm |
| 12:04 | Build | Farm |
| 12:04 | Build | Farm |
| 12:06 | Build | Farm |
| 12:07 | Build | Farm |
| 12:08 | Build | Farm |
| 12:17 | Build | House |
| 12:32 | Create | Militia |
| 12:48 | Create | Villager (Male) |
| 12:48 | Create | Villager (Male) |
| 12:50 | Build | House |
| 13:02 | Build | House |
| 13:03 | Create | Villager (Male) |
| 13:03 | Create | Villager (Male) |
| 13:16 | Research | Arson |
| 13:16 | Research | Arson |
| 13:23 | Build | House |
| 13:28 | Create | Villager (Male) |
| 13:28 | Create | Villager (Male) |
| 13:29 | Create | Villager (Male) |
| 13:31 | Build | Farm |
| 13:33 | Build | Farm |
| 13:36 | Build | House |
| 13:48 | Create | Villager (Male) |
| 13:54 | Create | Villager (Male) |
| 13:56 | Build | House |
| 14:06 | Build | Farm |
| 14:13 | Create | Villager (Male) |
| 14:15 | Build | Archery Range |
| 14:25 | Create | Villager (Male) |
| 14:36 | Build | Farm |
| 14:46 | Create | Villager (Male) |
| 15:04 | Create | Villager (Male) |
| 15:09 | Build | Archery Range |
| 15:20 | Create | Archer |
| 15:20 | Create | Archer |
| 15:21 | Create | Villager (Male) |
| 15:34 | Build | House |
| 15:40 | Create | Archer |
| 15:50 | Create | Villager (Male) |
| 16:01 | Create | Archer |
| 16:03 | Create | Archer |
| 16:03 | Create | Archer |
| 16:08 | Build | Farm |
| 16:14 | Create | Archer |
| 16:14 | Create | Archer |
| 16:22 | Build | Farm |
| 16:35 | Build | Farm |
| 16:38 | Create | Archer |
| 16:58 | Create | Archer |
| 17:07 | Build | Blacksmith |
| 17:13 | Create | Archer |
| 17:14 | Create | Villager (Male) |
| 17:46 | Build | House |
| 17:47 | Build | Palisade Wall |
| 17:58 | Build | Farm |
| 17:59 | Build | Farm |
| 18:13 | Research | Castle Age |
| 18:13 | Research | Castle Age |
| 18:18 | Build | House |
| 18:21 | Build | House |
| 18:25 | Create | Archer |
| 18:26 | Create | Archer |
| 18:26 | Create | Archer |
| 18:26 | Create | Archer |
| 18:34 | Create | Archer |
| 18:45 | Build | Farm |
| 18:49 | Create | Archer |
| 19:02 | Research | Fletching |
| 19:02 | Research | Fletching |
| 19:05 | Build | Farm |
| 19:22 | Create | Archer |
| 19:22 | Create | Archer |
| 19:28 | Research | Gold Mining |
| 19:48 | Create | Spearman |
| 20:00 | Create | Archer |
| 20:11 | Create | Villager (Male) |
Build order — EXILE | Jürgen
First 150 of 171 actions detected
| 0:00 | Create | Villager (Male) |
| 0:01 | Create | Villager (Male) |
| 0:01 | Create | Villager (Male) |
| 0:02 | Build | House |
| 0:03 | Build | House |
| 0:09 | Create | Villager (Male) |
| 0:10 | Create | Villager (Male) |
| 1:33 | Create | Villager (Male) |
| 1:33 | Create | Villager (Male) |
| 2:00 | Create | Villager (Male) |
| 2:00 | Create | Villager (Male) |
| 2:21 | Create | Villager (Male) |
| 2:21 | Create | Villager (Male) |
| 2:23 | Build | Lumber Camp |
| 2:56 | Create | Villager (Male) |
| 2:56 | Create | Villager (Male) |
| 2:56 | Create | Villager (Male) |
| 3:27 | Create | Villager (Male) |
| 3:31 | Create | Villager (Male) |
| 3:31 | Create | Villager (Male) |
| 3:53 | Build | House |
| 3:54 | Build | House |
| 4:12 | Create | Villager (Male) |
| 4:12 | Create | Villager (Male) |
| 4:51 | Build | Palisade Wall |
| 5:05 | Build | Mill |
| 5:13 | Build | Palisade Wall |
| 5:13 | Build | Palisade Wall |
| 5:20 | Create | Villager (Male) |
| 5:30 | Create | Villager (Male) |
| 5:48 | Build | Palisade Wall |
| 5:49 | Build | Palisade Wall |
| 6:00 | Research | Loom |
| 6:47 | Research | Feudal Age |
| 7:30 | Build | Palisade Wall |
| 7:33 | Build | Palisade Wall |
| 7:45 | Build | Palisade Wall |
| 7:47 | Build | Palisade Wall |
| 7:49 | Build | Palisade Wall |
| 7:51 | Build | Palisade Wall |
| 7:54 | Build | Palisade Wall |
| 7:59 | Create | Villager (Male) |
| 8:13 | Build | Barracks |
| 8:57 | Age | Feudal Age |
| 8:59 | Build | Palisade Wall |
| 9:01 | Build | Palisade Wall |
| 9:05 | Build | Stable |
| 9:08 | Create | Villager (Male) |
| 9:12 | Build | Palisade Wall |
| 9:24 | Create | Villager (Male) |
| 9:25 | Research | Double-Bit Axe |
| 9:25 | Research | Double-Bit Axe |
| 9:49 | Build | House |
| 9:57 | Create | Scout Cavalry |
| 9:58 | Create | Scout Cavalry |
| 10:02 | Create | Villager (Male) |
| 10:22 | Research | Horse Collar |
| 10:25 | Build | Farm |
| 10:27 | Build | Farm |
| 10:31 | Build | Palisade Wall |
| 10:32 | Build | Palisade Wall |
| 10:33 | Build | Palisade Wall |
| 10:46 | Create | Villager (Male) |
| 10:51 | Build | Farm |
| 11:06 | Build | Farm |
| 11:13 | Create | Villager (Male) |
| 11:24 | Create | Scout Cavalry |
| 11:25 | Build | Farm |
| 11:30 | Build | Palisade Wall |
| 11:44 | Build | Farm |
| 11:53 | Create | Villager (Male) |
| 12:03 | Build | Farm |
| 12:05 | Create | Villager (Male) |
| 12:25 | Build | House |
| 12:30 | Build | Farm |
| 12:32 | Create | Villager (Male) |
| 12:32 | Create | Villager (Male) |
| 12:34 | Build | Palisade Wall |
| 12:36 | Build | Palisade Wall |
| 12:41 | Build | House |
| 12:54 | Build | Farm |
| 12:57 | Create | Villager (Male) |
| 13:10 | Build | Farm |
| 13:14 | Build | Farm |
| 13:20 | Create | Villager (Male) |
| 13:20 | Create | Villager (Male) |
| 13:30 | Build | Farm |
| 13:48 | Create | Villager (Male) |
| 13:53 | Build | House |
| 13:58 | Build | Farm |
| 14:00 | Create | Villager (Male) |
| 14:24 | Build | House |
| 14:26 | Create | Villager (Male) |
| 14:44 | Create | Villager (Male) |
| 14:55 | Build | Archery Range |
| 14:59 | Create | Villager (Male) |
| 15:07 | Build | House |
| 15:09 | Create | Villager (Male) |
| 15:32 | Build | Mining Camp |
| 15:34 | Create | Villager (Male) |
| 15:42 | Create | Archer |
| 15:51 | Create | Villager (Male) |
| 15:54 | Build | Farm |
| 15:57 | Create | Villager (Male) |
| 16:31 | Create | Archer |
| 16:32 | Create | Villager (Male) |
| 16:34 | Build | Farm |
| 16:35 | Create | Villager (Male) |
| 16:46 | Create | Archer |
| 17:06 | Build | Farm |
| 17:11 | Build | Palisade Wall |
| 17:17 | Create | Villager (Male) |
| 17:34 | Create | Archer |
| 17:39 | Build | House |
| 17:56 | Build | Palisade Wall |
| 17:58 | Build | Palisade Wall |
| 18:06 | Build | Palisade Wall |
| 18:19 | Research | Castle Age |
| 18:33 | Build | Blacksmith |
| 18:39 | Create | Archer |
| 18:42 | Build | House |
| 18:43 | Build | House |
| 18:58 | Create | Archer |
| 19:15 | Research | Fletching |
| 19:16 | Research | Fletching |
| 19:52 | Build | Archery Range |
| 19:54 | Build | Palisade Wall |
| 20:03 | Create | Archer |
| 20:07 | Create | Scout Cavalry |
| 20:10 | Research | Gold Mining |
| 20:14 | Create | Villager (Male) |
| 20:42 | Create | Villager (Male) |
| 20:59 | Age | Castle Age |
| 21:02 | Research | Bloodlines |
| 21:03 | Research | Scale Barding Armor |
| 21:08 | Research | Crossbowman (upgrade) |
| 21:09 | Research | Bodkin Arrow |
| 21:21 | Create | Scout Cavalry |
| 21:42 | Build | Town Center |
| 21:52 | Create | Scout Cavalry |
| 21:57 | Create | Villager (Male) |
| 22:43 | Create | Archer |
| 22:44 | Create | Villager (Male) |
| 23:00 | Create | Villager (Male) |
| 23:03 | Create | Villager (Male) |
| 23:32 | Create | Scout Cavalry |
| 23:35 | Create | Villager (Male) |
| 23:46 | Create | Scout Cavalry |
| 24:03 | Create | Villager (Male) |
| 24:08 | Build | Farm |
Match timeline
| 4:51 | EXILE | Jürgen · wall_segment Palisade Wall x6 |
| 5:13 | EXILE | Jürgen · wall_segment Palisade Wall x1 |
| 5:13 | EXILE | Jürgen · wall_segment Palisade Wall x3 |
| 5:28 | thunder bun · first_building Barracks |
| 5:37 | thunder bun · wall_segment Palisade Wall x13 |
| 5:48 | EXILE | Jürgen · wall_segment Palisade Wall x1 |
| 5:49 | EXILE | Jürgen · wall_segment Palisade Wall x1 |
| 6:01 | thunder bun · wall_segment Palisade Wall x6 |
| 7:12 | thunder bun · wall_segment Palisade Wall x1 |
| 7:13 | thunder bun · wall_segment Palisade Wall x3 |
| 7:29 | thunder bun · wall_segment Palisade Wall x1 |
| 7:29 | thunder bun · wall_segment Palisade Wall x1 |
| 7:30 | EXILE | Jürgen · wall_segment Palisade Wall x1 |
| 7:33 | EXILE | Jürgen · wall_segment Palisade Wall x12 |
| 7:39 | thunder bun · wall_segment Palisade Wall x1 |
| 7:41 | thunder bun · wall_segment Palisade Wall x8 |
| 7:45 | EXILE | Jürgen · wall_segment Palisade Wall x1 |
| 7:47 | EXILE | Jürgen · wall_segment Palisade Wall x3 |
| 7:49 | EXILE | Jürgen · wall_segment Palisade Wall x1 |
| 7:51 | EXILE | Jürgen · wall_segment Palisade Wall x4 |
| 7:54 | EXILE | Jürgen · wall_segment Palisade Wall x1 |
| 8:13 | EXILE | Jürgen · first_building Barracks |
| 8:57 | EXILE | Jürgen · age_up feudal |
| 8:59 | EXILE | Jürgen · wall_segment Palisade Wall x1 |
| 9:01 | EXILE | Jürgen · wall_segment Palisade Wall x1 |
| 9:05 | EXILE | Jürgen · first_building Stable |
| 9:12 | EXILE | Jürgen · wall_segment Palisade Wall x1 |
| 10:31 | EXILE | Jürgen · wall_segment Palisade Wall x1 |
| 10:32 | EXILE | Jürgen · wall_segment Palisade Wall x4 |
| 10:33 | EXILE | Jürgen · wall_segment Palisade Wall x4 |
| 11:30 | EXILE | Jürgen · wall_segment Palisade Wall x4 |
| 11:37 | thunder bun · age_up feudal |
| 12:34 | EXILE | Jürgen · wall_segment Palisade Wall x1 |
| 12:36 | EXILE | Jürgen · wall_segment Palisade Wall x7 |
| 14:15 | thunder bun · first_building Archery Range |
| 14:55 | EXILE | Jürgen · first_building Archery Range |
| 17:11 | EXILE | Jürgen · wall_segment Palisade Wall x8 |
| 17:47 | thunder bun · wall_segment Palisade Wall x1 |
| 17:56 | EXILE | Jürgen · wall_segment Palisade Wall x1 |
| 17:58 | EXILE | Jürgen · wall_segment Palisade Wall x3 |
| 18:06 | EXILE | Jürgen · wall_segment Palisade Wall x1 |
| 19:54 | EXILE | Jürgen · wall_segment Palisade Wall x1 |
| 20:53 | thunder bun · age_up castle |
| 20:59 | EXILE | Jürgen · age_up castle |
| 25:56 | EXILE | Jürgen · first_building Siege Workshop |
| 26:20 | EXILE | Jürgen · resign |
[ AI ANALYSIS · 1 CREDIT ]
What really happened in this match?
Wolo.gg analyzes every decision: build order, eco, micro, common mistakes by bracket. Personalized analysis on WhatsApp or Discord in 30 seconds.
Civ guide
Dravidians
Perfil
thunder bun